 Dungeon Crawl Stone Soup version 0.30-a0-457-g4b7bca3bfa (webtiles) character file.

Game seed: 6479361103412347091

3570 dixiedixie the Geomancer (level 9, -5/177 HPs)
             Began as a Troll Earth Elementalist on Dec 13, 2022.
             Was a High Priest of Uskayaw.
             Slain by Gastronok (16 damage)
             ... on level 8 of the Dungeon.
             The game lasted 01:02:21 (7775 turns).

dixiedixie the Geomancer (Troll Earth Elementalist) Turns: 7775, Time: 01:02:22

Health: -5/177     AC: 24    Str: 18    XL:     9   Next: 84%
Magic:  11/11      EV:  1    Int: 15    God:    Uskayaw [*****.]
Gold:   413        SH:  0    Dex: 22    Spells: 4/10 levels left

rFire   . . .      SeeInvis .      - Unarmed
rCold   . . .      Faith    +    (no shield)
rNeg    . . .      Spirit   .    (body armour currently unavailable)
rPois   +          Reflect  .    (helmet currently unavailable)
rElec   .          Harm     .    (cloak currently unavailable)
rCorr   .          Rampage  .    (gloves unavailable)
Will    .....      NoTele   +    (boots unavailable)
Stlth   ..........               s - amulet of faith
HPRegen 1.29/turn                c - +6 ring of dexterity
MPRegen 0.12/turn                H - +6 ring of dexterity

@: berserking, tree-form, hasted and slowed
A: stationary, stasis, torment immunity, boosted hp, large, unfitting armour,
(claws 3), regeneration 1, (shaggy fur 1), (tough skin 1)
a: Renounce Religion, Stomp, Line Pass, Grand Finale


You were on level 8 of the Dungeon.
You worshipped Uskayaw.
Uskayaw was noncommittal.
You were a tree.
You visited 2 branches of the dungeon, and saw 9 of its levels.

You collected 413 gold pieces.

Inventory:

Hand Weapons
 A - a +2 flail of protection
Missiles
 a - 78 stones
 q - 13 poisoned darts
 w - 6 large rocks
Armour
 d - a +0 robe (melded)
 p - a scarf of invisibility (melded)
Jewellery
 c - a +6 ring of dexterity (left branch)
 s - an amulet of faith (around neck)
 D - a ring of flight
 H - a +6 ring of dexterity (right branch)
 K - a ring of resist corrosion
 N - the ring "Fiuc" {Fire Drain Fly Int-5 Dex+3}
   (You found it on level 7 of the Dungeon)

   [ring of fire]

   It enhances your fire magic.
   Int:       It affects your intelligence (-5).
   Dex:       It affects your dexterity (+3).
   rF:        It protects you from fire.
   rC:        It makes you vulnerable to cold.
   Fly:       It grants you flight.
   Drain:     It drains your maximum health when unequipped.
Wands
 k - a wand of roots (7)
 E - a wand of light (6)
 I - a wand of paralysis (9)
Scrolls
 e - 8 scrolls of identify
 i - 2 scrolls of fog {unknown}
 n - a scroll of noise {unknown}
 o - a scroll of vulnerability
 r - a scroll of summoning {unknown}
 t - 2 scrolls of teleportation
 u - a scroll of immolation {unknown}
 v - a scroll of brand weapon {unknown}
 y - a scroll of amnesia {unknown}
 z - a scroll of poison {unknown}
 G - a scroll of fear {unknown}
 J - a scroll of magic mapping {unknown}
 M - a scroll of silence {unknown}
Potions
 b - a potion of magic
 f - 3 potions of brilliance
 g - 3 potions of attraction
 j - 2 potions of mutation
 l - 4 potions of lignification
 m - 3 potions of flight
 x - 2 potions of berserk rage
 C - a potion of resistance {unknown}
 F - 2 potions of might {unknown}
 L - a potion of ambrosia {unknown}


   Skills:
 - Level 1.7 Fighting
 - Level 2.5 Dodging
 - Level 1.0 Stealth
 - Level 6.3 Unarmed Combat
 - Level 1.2 Spellcasting
 - Level 0.6 Transmutations
 + Level 10.2 Earth Magic
 - Level 4.8 Invocations


You had 4 spell levels left.
You knew the following spells:

 Your Spells              Type           Power      Damage    Failure   Level
a - Sandblast             Erth           62%        2d14      1%          1
b - Passwall              Tmut/Erth      14%        N/A       3%          2
c - Stone Arrow           Conj/Erth      32%        3d9       9%          3

Your spell library contained the following spells:

 Spells                   Type           Power      Damage    Failure   Level
 Necrotise                Necr           0%         1d4       24%         1
 Summon Small Mammal      Summ           0%         N/A       24%         1
 Petrify                  Tmut/Erth      17%        N/A       26%         4
 Call Canine Familiar     Summ           0%         N/A       58%         3
 Summon Guardian Golem    Hex/Summ       0%         N/A       58%         3
 Tukima's Dance           Hex            0%         N/A       58%         3
 Vampiric Draining        Necr           0%         2d6       58%         3
 Passage of Golubria      Tloc           0%         N/A       94%         4
 Yara's Violent Unravell  Hex/Tmut       0%         3d3       99%         5
 Agony                    Necr           0%         N/A       100%        5


Dungeon Overview and Level Annotations

Branches:
Dungeon (8/15)             Temple (1/1) D:4
   Lair: D:8-11

Altars:
Ashenzari
Cheibriados
Dithmenos
Fedhas
Gozag
Hepliaklqana
Kikubaaqudgha
Makhleb
Nemelex Xobeh
Qazlal
Trog
Uskayaw
Vehumet
Wu Jian
Xom
Zin
The Shining One

Shops:
D:7 *

Annotations:
D:5 1 runed translucent door, Crazy Yiuf, Sigmund
D:7 Dowan, Duvessa
D:8 Gastronok


Innate Abilities, Weirdness & Mutations

You are a tree.
Your roots penetrate the ground, keeping you stationary.
You cannot be teleported.
You are immune to unholy pain and torment.
Your maximum health is greatly increased.
Your equipment is partially melded.
You are too large for most types of armour.
((You have claws for hands.))
Your natural rate of healing is unusually fast.
((You are covered in fur. (AC +1)))
((You have tough skin. (AC +1)))


Message History

Confirm with . or Enter, or press ? or * to list all spells.
Okay, then.
Press: ? - help, v - describe, . - travel, g - get item
Here: Gastronok, wearing a +1 hat of intelligence (heavily wounded, covering ground quickly, blind, poisoned)
Items here: a curare-tipped dart; a +0 mace; an orc corpse.
The floor.
Press: ? - help, v - describe, . - travel, g - get item
Here: Gastronok, wearing a +1 hat of intelligence (heavily wounded, covering ground quickly, blind, poisoned)
Items here: a curare-tipped dart; a +0 mace; an orc corpse.
The floor.
Okay, then.
Okay, then.
Aiming: Paralyse
Press: ? - help, Shift-Dir - straight line, f/p - Gastronok
Aim: Gastronok, wearing a +1 hat of intelligence (heavily wounded, covering ground quickly, blind, poisoned, chance to affect: 7%)
Okay, then.
Okay, then.
Adjust (i)tems, (s)pells, or (a)bilities?
Okay, then.
It was a potion of berserk rage.
A red film seems to cover your vision as you go berserk!
You feel yourself moving faster!
You feel mighty!
You hit Gastronok but do no damage.
Gastronok is heavily wounded.
Gastronok is no longer blind.
Gastronok bites you!
* * * LOW HITPOINT WARNING * * *
Okay, then.
You pummel Gastronok!!
Gastronok is severely wounded.
You smack Gastronok!
Gastronok is severely wounded.
You wobble.
You smack Gastronok!
Gastronok is severely wounded.
You pummel Gastronok!!
Gastronok is almost dead.
You hit Gastronok.
Gastronok is almost dead.
Gastronok looks more healthy.
Gastronok bites you!
You die...

.........##.....#.......#.#
........................#..
.........################..
<........## .......
......####...#######.......
........##...#.............
........##...#.............
........##...#..))).......o
......####...#..♣w.......=.
.........#.......)###......
#.................# .....
#........###......## ....
###................... ...
##########.....####. ..
#.....# . #.....# #.....#


You could see Gastronok (swift).

Vanquished Creatures
  A wyvern (D:7)
  2 water moccasins
  3 ice beasts
  A sky beast (D:7)
  A black bear (D:4)
  3 ogres
  A centaur (D:8)
  A kobold brigand (D:8)
  3 phantoms
  A bullfrog (D:7)
  A gnoll sergeant (D:5)
  2 necrophages
  2 scorpions
  7 wights (D:7)
  5 killer bees (D:7)
  A hound (D:5)
  8 orc priests
  3 jellies
  6 iguanas
  12 orc wizards
  Robin (D:4)
  9 adders
  4 gnolls
  2 shadow imps
  4 white imps
  3 ufetubi
  A worm (D:5)
  37 orcs
  8 bats
  5 endoplasms
  3 giant cockroaches
  17 goblins
  11 hobgoblins
  10 jackals
  6 quokkas
  5 ball pythons
  3 frilled lizards
  12 kobolds
  4 rats
209 creatures vanquished.

Vanquished Creatures (others)
  2 orc wizards
  11 plants (D:4)
13 creatures vanquished.

Grand Total: 222 creatures vanquished

Notes
Turn   | Place    | Note
-------+----------+-------------------------------------------
     0 | D:1      | dixiedixie the Troll Earth Elementalist began the quest for
                  | the Orb.
     0 | D:1      | Reached XP level 1. HP: 16/16 MP: 1/1
    81 | D:1      | Reached skill level 1 in Unarmed Combat
    94 | D:1      | Reached XP level 2. HP: 19/24 MP: 2/2
   571 | D:1      | Learned a level 2 spell: Passwall
   577 | D:1      | Found a faded altar of an unknown god.
   618 | D:1      | Reached XP level 3. HP: 31/31 MP: 3/3
  1658 | D:3      | Reached XP level 4. HP: 39/39 MP: 4/4
  1954 | D:3      | Found a burning altar of Makhleb.
  1954 | D:3      | Noticed a balrug
  1958 | D:3      | Noticed a smoke demon
  1958 | D:3      | Noticed an orange demon
  2084 | D:3      | Found a stormy altar of Qazlal.
  2318 | D:4      | Noticed a black bear
  2324 | D:4      | Killed a black bear
  2325 | D:4      | Reached skill level 3 in Earth Magic
  2325 | D:4      | Reached XP level 5. HP: 35/45 MP: 3/5
  2405 | D:4      | Reached skill level 4 in Earth Magic
  2410 | D:4      | Learned a level 3 spell: Stone Arrow
  2497 | D:4      | Reached XP level 6. HP: 52/53 MP: 6/6
  2568 | D:4      | Reached skill level 5 in Earth Magic
  2581 | D:4      | HP: 1/53 [orc/+2 mace of venom (9)]
  2594 | D:4      | HP: 1/53 [kobold/+0 short sword (3)]
  2727 | D:5      | Entered Level 5 of the Dungeon
  2727 | D:5      | Noticed a water moccasin
  2746 | D:4      | Reached skill level 6 in Earth Magic
  2746 | D:4      | Reached XP level 7. HP: 47/59 MP: 3/7
  2793 | D:4      | Noticed Robin
  2861 | D:4      | Killed Robin
  2932 | D:4      | Found a staircase to the Ecumenical Temple.
  3071 | Temple   | Entered the Ecumenical Temple
  3309 | Temple   | Became a worshipper of Uskayaw the Reveller
  3808 | D:4      | Reached * piety under Uskayaw
  3811 | D:4      | Reached ** piety under Uskayaw
  3813 | D:4      | HP: 2/59 [gnoll/+2 flail of protection[a gnoll sergeant]
                  | (4)]
  4075 | D:5      | Reached skill level 7 in Earth Magic
  4238 | D:5      | Found a glowing silver altar of Zin.
  4334 | D:5      | Reached *** piety under Uskayaw
  4494 | D:5      | Found a runed translucent door.
  4494 | D:5      | Noticed Sigmund
  4532 | D:5      | Noticed Crazy Yiuf
  4624 | D:5      | Found a snail-covered altar of Cheibriados.
  4721 | D:5      | Reached XP level 8. HP: 65/65 MP: 8/8
  4726 | D:5      | Reached **** piety under Uskayaw
  4727 | D:5      | Reached skill level 8 in Earth Magic
  4732 | D:5      | Reached ***** piety under Uskayaw
  4771 | D:5      | Reached ****** piety under Uskayaw
  4905 | D:5      | Found a shadowy altar of Dithmenos.
  5243 | D:6      | Reached skill level 9 in Earth Magic
  5375 | D:6      | Reached skill level 5 in Unarmed Combat
  5721 | D:6      | Reached skill level 1 in Fighting
  6411 | D:7      | Reached XP level 9. HP: 70/76 MP: 6/9
  6533 | D:7      | Reached skill level 1 in Invocations
  6762 | D:7      | Found Neer's Elemental Accessories.
  7000 | D:7      | Found an ancient bone altar of Kikubaaqudgha.
  7142 | D:7      | Identified the ring "Fiuc" {Fire Drain Fly Int-5 Dex+3}
  7327 | D:7      | Noticed Duvessa
  7328 | D:7      | Found a bloodstained altar of Trog.
  7333 | D:7      | Noticed Dowan
  7562 | D:8      | Reached skill level 10 in Earth Magic
  7738 | D:8      | Noticed Gastronok
  7761 | D:8      | HP: 5/118 [something (1)]
  7770 | D:8      | HP: 5/177 [Gastronok (9)]
  7775 | D:8      | Slain by Gastronok

Illustrated notes

Levels and vault maps discovered:
D:1:      scummos_arrival_simple_fountains, layout_loops_corners,
          chequers_ecumenical_altar_twisty, serial_park_tiny_pond,
          kennysheep_pointless_box
D:2:      layout_loops_ring
D:3:      layout_basic, nicolae_qazlal_eye_of_the_storm,
          makhleb_altar_promises_db
D:4:      layout_basic, minmay_temple_entry_poolview, serial_bayou,
          serial_bayou_lake_a, serial_bayou_crossing, serial_bayou_ford_a,
          serial_bayou_lagoon_b, uniq_robin
D:5:      minmay_bubble_buster, layout_loops_cross, cheibrodos_worm_habitat,
          grunt_dithmenos_smoke, zin_treasury, uniq_crazy_yiuf_cottage,
          uniq_sigmund
D:6:      layout_basic, serial_corexii_hall, corexii_hall_statues_i,
          corexii_hall_statues_i, corexii_item_surrounded_by_moat
D:7:      layout_basic, nzn_overflow_gifts_of_might_and_magic,
          old_standard_altar, chequers_serial_rivers_small_a,
          minmay_misc_feat_encased, nicolae_elemental_shop,
          minmay_misc_feat_doors
D:8:      layout_basic, uniq_gastronok
Temple:   dpeg_chambers_temple

Skill      XL: |  1  2  3  4  5  6  7  8  9 |
---------------+----------------------------+-----
Unarmed Combat | 1 2 3 4 6 |  6.3
Earth Magic    | 3 4 6 7 9 10 | 10.2
Dodging        | 2 |  2.5
Fighting       | 1 |  1.7
Invocations    | 4 |  4.8
Stealth        | |  1.0
Spellcasting   | |  1.2
Transmutations | |  0.6

Action                   |  1- 3 |  4- 6 |  7- 9 || total
-------------------------+-------+-------+-------++-------
Melee: Unarmed           |   124 |   117 |   297 ||   538
       Punch             |     2 |     4 |     7 ||    13
Throw: Stone             |       |       |     2 ||     2
       Dart              |       |       |     1 ||     1
 Cast: Sandblast         |       |     5 |    74 ||    79
       Stone Arrow       |       |     1 |    24 ||    25
       Passwall          |       |       |     1 ||     1
Invok: Line Pass         |       |       |     3 ||     3
       Stomp             |       |       |     1 ||     1
Evoke: Wand              |       |     1 |     6 ||     7
  Use: Potion            |       |     3 |     7 ||    10
       Scroll            |       |       |     5 ||     5
 Stab: Sleeping          |    10 |     3 |     2 ||    15
       Paralysed         |       |       |    15 ||    15
       Distracted        |       |       |     1 ||     1
Armor: Robe              |    46 |    20 |    65 ||   131
       Skin              |       |       |    33 ||    33
Dodge: Dodged            |    54 |    56 |   160 ||   270

Table legend: (Time is in decaauts)
 A = Elapsed time spent in this place.
 B = Non-inter-level travel time spent in this place.
 C = Inter-level travel time spent in this place.
 D = Time resting spent in this place.
 E = Time spent auto-exploring this place.
 F = Levels seen in this place.
 G = Mean time per level.
                   A        B        C        D        E       F      G
               +--------+--------+--------+--------+--------+-----+--------+
         Total |   7781 |   7457 |    324 |    915 |   4829 |   9 |  864.6 |
       Dungeon |   7516 |   7193 |    323 |    915 |   4627 |   8 |  939.5 |
        Temple |    265 |    265 |      0 |      0 |    202 |   1 |  265.0 |
               +--------+--------+--------+--------+--------+-----+--------+

Top non-repeatable levels by time:
     D:4: 1330 daAuts
     D:5: 1198 daAuts
     D:6: 1156 daAuts
     D:7: 1061 daAuts
     D:1: 937 daAuts
     D:2: 734 daAuts
     D:3: 697 daAuts
     D:8: 399 daAuts
  Temple: 265 daAuts
